 Dungeon Crawl Stone Soup version 0.31.0-11-ge490571c62 (webtiles) character file.

Game seed: 8099961166252739900

160 qw the Ducker (level 5, 0/27 HPs)
             Began as a Spriggan Hunter on Feb 3, 2024.
             Slain by Pargi (2 damage)
             ... on level 3 of the Dungeon.
             The game lasted 00:00:12 (1689 turns).

qw the Ducker (Spriggan Hunter)                     Turns: 1689, Time: 00:00:12

Health: 0/27       AC:  2    Str:  7    XL:     5   Next: 17%
Magic:  6/6        EV: 21    Int: 10    God:
Gold:   113        SH:  0    Dex: 21    Spells: 4/4 levels left

rFire   . . .        a - +0 shortbow (freeze)
rCold   . . .        (shield currently unavailable)
rNeg    + . .        c - +0 robe
rPois   .            (helmet restricted)
rElec   .            (no cloak)
rCorr   .            (gloves unavailable)
SInv    +            (boots unavailable)
Will    .....        (no amulet)
Stlth   ++           g - ring of positive energy
HPRegen 0.24/turn    (no ring)
MPRegen 0.10/turn

%: no passive effects
@: very quick
A: very small, no large weapons, unfitting armour, see invisible, speed 3
a: no special abilities


You were on level 3 of the Dungeon.
You visited 1 branch of the dungeon, and saw 3 of its levels.

You collected 113 gold pieces.


Innate Abilities, Weirdness & Mutations

You are very small and have problems with some larger weapons.
You are too small for most types of armour.
You have supernaturally acute eyesight. (SInv)
You cover ground extremely quickly. (Speed+++)


   Skills:
 - Level 2.3 Fighting
 + Level 5.0 Ranged Weapons
 - Level 5.3 Dodging
 - Level 1.5 Stealth


You had 4 spell levels left.
You didn't know any spells.
Your spell library was empty.

Inventory:

Hand Weapons
 a - a +0 shortbow of freezing (weapon)
Armour
 c - a +0 robe (worn)
Jewellery
 g - a ring of positive energy (left hand)
Scrolls
 b - a scroll of noise {unknown}
Potions
 f - a potion of resistance {unknown}

Dungeon Overview and Level Annotations

Branches:
Dungeon (3/15)

Altars:

Annotations:
D:3 Pargi


Message History

You shoot an arrow. The arrow hits the orc!
The arrow freezes the orc.
You kill the orc!
The orc priest begins to cast a cantrip, but forgets the words!
You shoot an arrow. The arrow hits the orc priest.
The arrow freezes the orc priest.
The orc priest is heavily wounded.
The orc priest looks encouraged for a moment.
The orc priest completely misses you.
You shoot an arrow.
The arrow closely misses the orc priest.
The arrow closely misses Pargi.
The arrow barely misses the orc wizard.
The orc priest calls down the wrath of Beogh upon you.
Beogh smites you!
Ouch! That really hurt!
You shoot an arrow. The arrow hits the orc priest!
The arrow freezes the orc priest.
You kill the orc priest!
Your Dodging skill increases to level 5!
You shoot an arrow. The arrow hits the orc wizard.
The arrow freezes the orc wizard.
The orc wizard is moderately wounded.
The orc wizard hits you but does no damage.
The orc priest mumbles some strange prayers to Beogh against you.
The orc wizard writhes in agony.
You shoot an arrow. The arrow hits the orc wizard!
The arrow freezes the orc wizard.
You kill the orc wizard!
You shoot an arrow. The arrow hits the orc priest!
The arrow freezes the orc priest.
You kill the orc priest!
Your Fighting skill increases to level 2!
You have reached level 5!
You feel agile.
You shoot an arrow. The arrow hits Pargi!
The arrow freezes Pargi.
Pargi is heavily wounded.
Pargi closely misses you. Pargi misses you. Pargi claws you.
Pargi completely misses you. Pargi barely misses you. Pargi closely misses you.
You shoot an arrow. The arrow hits Pargi.
The arrow freezes Pargi.
Pargi is heavily wounded.
Pargi barely misses you. Pargi misses you. Pargi claws you.
You die...

....................#
....................#
....................#
.#####..............#
#...#............#
.....###............#
..### #.).....)....#
. #.....###T####
#.>#### #@# ...##
#..# ..### ##.# .. ..
#.# .# .# ##


You could see Pargi.

Vanquished Creatures
  2 orc priests (D:3)
  An orc wizard (D:3)
  An adder (D:2)
  5 dart slugs
  3 ribbon worms
  2 orcs (D:3)
  7 endoplasms
  5 hobgoblins
  8 jackals
  6 kobolds
  3 ball pythons (D:1)
  4 bats
  A frilled lizard (D:2)
  5 goblins
  3 rats
56 creatures vanquished.

Notes
Turn   | Place    | Note
-------+----------+-------------------------------------------
     0 | D:1      | qw the Spriggan Hunter began the quest for the Orb.
     0 | D:1      | Reached XP level 1. HP: 10/10 MP: 2/2
     0 | D:1      | 0 ||| qw: Version: 0.3-a-155-g5e7d8dd
     0 | D:1      | 0 ||| qw: Game counter: 3488
     0 | D:1      | 0 ||| qw: Melee chars always use a shield: true
     0 | D:1      | 0 ||| qw: God list: Okawaru
     0 | D:1      | 0 ||| qw: Allow faded altars: false
     0 | D:1      | 0 ||| qw: Do Orc after clearing Dungeon:15 true
     0 | D:1      | 0 ||| qw: Do second Lair branch before Depths: true
     0 | D:1      | 0 ||| qw: Lair rune preference: random
     0 | D:1      | 0 ||| qw: Goals: Normal
     0 | D:1      | 0 ||| PLANNING D:1-11
    32 | D:1      | Reached skill level 3 in Dodging
   109 | D:1      | Reached XP level 2. HP: 13/14 MP: 3/3
   423 | D:1      | Reached XP level 3. HP: 18/18 MP: 4/4
   486 | D:1      | Found a faded altar of an unknown god.
   719 | D:1      | 719 ||| READING 2 scrolls labelled KATEISCH OTSY.
   719 | D:1      | 719 ||| IDENTIFYING smoky puce potion
   720 | D:1      | 720 ||| READING scroll of identify.
   720 | D:1      | 720 ||| IDENTIFYING bubbling inky potion
   721 | D:1      | 721 ||| READING scroll labelled MOCEOS DUWNI.
   726 | D:1      | 726 ||| READING scroll labelled OVUXEI FYPAISK.
   827 | D:1      | 827 ||| DROPPING scroll of butterflies.
   828 | D:1      | 828 ||| DROPPING potion of lignification.
   829 | D:1      | 829 ||| DROPPING potion of berserk rage.
   930 | D:2      | Identified the +1 short sword of Cruel Justice {venom,
                  | ^Drain rF+++ rCorr}
  1382 | D:2      | Reached XP level 4. HP: 22/22 MP: 5/5
  1577 | D:2      | 1577 ||| UPGRADING to ring of positive energy.
  1578 | D:2      | 1578 ||| READING scroll of identify.
  1578 | D:2      | 1578 ||| IDENTIFYING red potion
  1579 | D:2      | 1579 ||| READING scroll labelled CITEQ ZINU.
  1579 | D:2      | 1579 ||| BRANDING +0 shortbow.
  1580 | D:2      | 1580 ||| DROPPING potion of attraction.
  1665 | D:3      | 1665 ||| RETREEEEATING.
  1668 | D:3      | 1668 ||| RETREEEEATING.
  1669 | D:3      | Noticed Pargi
  1670 | D:3      | 1670 ||| RETREEEEATING.
  1671 | D:3      | 1671 ||| RETREEEEATING.
  1673 | D:3      | 1673 ||| RETREEEEATING.
  1674 | D:3      | 1674 ||| RETREEEEATING.
  1676 | D:3      | 1676 ||| RETREEEEATING.
  1677 | D:3      | 1677 ||| RETREEEEATING.
  1683 | D:3      | HP: 2/22 [orc priest/divine providence (12)]
  1688 | D:3      | Reached XP level 5. HP: 4/27 MP: 6/6
  1688 | D:3      | HP: 2/27 [Pargi (2)]
  1689 | D:3      | Slain by Pargi

Levels and vault maps discovered:
D:1:      lightli_arrival_maybe_door_vault, layout_loops_ring,
          hellmonk_ecumenical_altar_inner_sanctum, minmay_misc_feat_roman,
          minmay_stone_trees_small, dk_noncrumbling_4,
          minmay_misc_feat_nine_boxes, kennysheep_pointless_box,
          minmay_misc_feat_square
D:2:      layout_basic
D:3:      layout_rooms, moated_statue, kennysheep_generic_room_15, uniq_pargi,
          uniq_natasha

Skill      XL: |  1  2  3  4 |
---------------+-------------+-----
Dodging        | 3 4 5 |  5.3
Ranged Weapons | 5 |  5.0
Fighting       | 2 |  2.3
Stealth        | |  1.5

Action                     |  1- 3 |  4- 6 || total
---------------------------+-------+-------++-------
   Fire: Shortbow          |   116 |    48 ||   164
    Use: Scroll            |     4 |     2 ||     6
 Armour: Robe              |     9 |     6 ||    15
  Dodge: Dodged            |    25 |    17 ||    42

Table legend:
 A = Non-vault XP
 B = Vault XP
 C = Vault XP percentage of total XP
 D = Non-vault monster count
 E = Vault monster count
 F = Vault count percentage of total count
                 A         B        C        D         E       F
            +---------+---------+-------+---------+---------+-------
      Total |     229 |       0 |   0.0 |      56 |       0 |   0.0
            +---------+---------+-------+---------+---------+-------
        D:1 |      48 |       0 |   0.0 |      26 |       0 |   0.0
        D:2 |      58 |       0 |   0.0 |      20 |       0 |   0.0
        D:3 |     123 |       0 |   0.0 |      10 |       0 |   0.0
            +---------+---------+-------+---------+---------+-------
